 Dungeon Crawl Stone Soup version 0.30-b1-2-g02819fbbbe (webtiles) character file.

Game seed: 12113746977987107185

82415 Nobody9876 the Warrior (level 16, -3/214 HPs)
             Began as a Human Fighter on Oct 9, 2023.
             Was a High Priest of Trog.
             Killed from afar by an ironbound frostheart (9 damage)
             ... by creeping frost
             ... on level 1 of the Vaults.
             The game lasted 00:53:48 (13950 turns).

Nobody9876 the Warrior (Human Fighter)             Turns: 13950, Time: 00:53:48

Health: -3/214     AC: 27    Str: 25    XL:     16   Next: 21%
Magic:  16/16      EV: 12    Int: 15    God:    Trog [*****.]
Gold:   1753       SH:  7    Dex: 18    Spells: 15/15 levels left

rFire   . . .        O - +8 mithril axe "Arga" {speed, Will+}
rCold   + . .        c - +0 buckler
rNeg    . . .        M - +4 plate armour {rPois}
rPois   +            e - +1 helmet
rElec   +            Y - scarf {repulsion}
rCorr   .            q - +2 pair of gloves
SInv    +            D - +0 pair of boots
Will    +++..        y - amulet "Piruuh" {Regen+ Str+3 Int+6 Slay+2}
Stlth   x              - ring "Gudual" {rElec rPois rC+ SInv}
HPRegen 1.35/turn    j - ring of Ateyplioti {rPois Will+ Dex+3}
MPRegen 0.15/turn

%: repel missiles
@: berserking (expiring), frozen, studying 2 skills, quick
A: screaming 1
a: Renounce Religion, Berserk, Trog's Hand, Brothers in Arms


You were on level 1 of the Vaults.
You worshipped Trog.
Trog was extremely pleased with you.
You visited 3 branches of the dungeon, and saw 17 of its levels.
You also visited: Ossuary.

You collected 1753 gold pieces.

Inventory:

Hand Weapons
 a - a +3 antimagic broad axe
 u - a +2 battleaxe of venom
 B - a +3 war axe
 G - a +2 flail
 I - a +2 battleaxe of draining
 O - the +8 mithril axe "Arga" (weapon) {speed, Will+}
   (You acquired it in the Ecumenical Temple)

   Will:      It increases your willpower.
Missiles
 p - a throwing net (quivered)
Armour
 c - a +0 buckler (worn)
 e - a +1 helmet (worn)
 q - a +2 pair of gloves (worn)
 C - the +0 ring mail of Qicle {Str+4 Dex+4}
   (You found it on level 4 of the Dungeon)

   Str:       It affects your strength (+4).
   Dex:       It affects your dexterity (+4).
 D - a +0 pair of boots (worn)
 M - a +4 plate armour of poison resistance (worn)
 U - a +8 chain mail of ponderousness
 Y - a scarf of repulsion (worn)
Jewellery
 g - an amulet of reflection
 j - the ring of Ateyplioti (right hand) {rPois Will+ Dex+3}
   (You acquired it on level 3 of the Dungeon)

   [ring of poison resistance]

   Dex:       It affects your dexterity (+3).
   rPois:     It protects you from poison.
   Will:      It increases your willpower.
 s - a +4 ring of slaying
 x - the ring "Gudual" (left hand) {rElec rPois rC+ SInv}
   (You acquired it on level 3 of the Dungeon)

   [ring of protection from cold]

   rC:        It protects you from cold.
   rElec:     It insulates you from electricity.
   rPois:     It protects you from poison.
   SInv:      It lets you see invisible.
 y - the amulet "Piruuh" (around neck) {Regen+ Str+3 Int+6 Slay+2}
   (You acquired it on level 3 of the Dungeon)

   [amulet of regeneration]

   Str:       It affects your strength (+3).
   Int:       It affects your intelligence (+6).
   Slay:      It affects your accuracy & damage with ranged weapons and melee
   (+2).
   Regen:     It increases your rate of health regeneration.
 L - a ring of positive energy
 V - an amulet of magic regeneration
Wands
 i - a wand of charming (11)
 z - a wand of digging (12)
 J - a wand of roots (12)
 P - a wand of mindburst (4)
 Q - a wand of light (23)
 Z - a wand of flame (15)
Scrolls
 b - 3 scrolls of fog
 k - 5 scrolls of blinking
 l - 5 scrolls of teleportation
 n - 6 scrolls of enchant weapon
 o - a scroll of identify
 r - 8 scrolls of fear
 F - 5 scrolls of magic mapping
 H - 2 scrolls of summoning
 K - a scroll of brand weapon {unknown}
 N - a scroll of poison
Potions
 d - 4 potions of might
 f - a potion of flight
 h - a potion of ambrosia
 m - 4 potions of heal wounds
 t - a potion of cancellation
 v - 3 potions of invisibility
 w - 3 potions of curing
 A - 8 potions of mutation
 E - 4 potions of resistance
 R - a potion of lignification {unknown}
 S - a potion of attraction {unknown}


   Skills:
 + Level 18.0 Fighting
 - Level 16.0 Axes
 + Level 11.9 Armour
 + Level 9.3 Dodging
 + Level 4.4 Stealth
 + Level 10.0 Shields


You had 15 spell levels left.
You didn't know any spells.
Your spell library contained the following spells:

 Spells                   Type           Power      Damage    Failure   Level
 Frozen Ramparts          Ice            0%         1d1       100%        3
 Stone Arrow              Conj/Erth      0%         3d7       100%        3
 Animate Armour           Summ/Erth      0%         N/A       100%        4
 Ice Form                 Ice/Tmut       0%         N/A       100%        4
 Summon Ice Beast         Ice/Summ       0%         N/A       100%        4
 Lehudib's Crystal Spear  Conj/Erth      0%         10d2      100%        8


Dungeon Overview and Level Annotations

Branches:
Dungeon (15/15)            Temple (1/1) D:7            Lair (0/5) D:9
    Orc (0/2) D:10         Vaults (1/5) D:14         Depths (0/4) D:15
Ossuary (visited)

Altars:
Ashenzari
Cheibriados
Dithmenos
Elyvilon
Fedhas
Gozag
Hepliaklqana
Kikubaaqudgha
Makhleb
Nemelex Xobeh
Okawaru
Qazlal
Ru
Sif Muna
Trog
Uskayaw
Vehumet
Wu Jian
Xom
Yredelemnul
Zin
The Shining One

Shops:
D:9 (   D:10 [   D:13 [

Annotations:
D:9 2 runed translucent doors


Innate Abilities, Weirdness & Mutations

You occasionally shout uncontrollably at your foes.


Message History

You slice the deep troll!! You slash the ettin! You slash the deep troll!
The tengu reaver completely misses you.
The tengu reaver pecks you but does no damage.
The tengu reaver completely misses you.
You barely miss the tengu reaver.
The tengu reaver is lightly wounded.
You hit the ettin but do no damage. You slash the deep troll!
You slice the deep troll!! You block the deep troll's attack.
The deep troll claws you but does no damage.
The deep troll misses you. You block the deep troll's attack.
The deep troll claws you!
* * * LOW HITPOINT WARNING * * *
The deep troll closely misses you.
The ettin hits you with a +5 dire flail!
* * * LOW HITPOINT WARNING * * *
The ettin barely misses you.
You are too berserk!
You are too berserk!
You slash the tengu reaver!
The tengu reaver is moderately wounded.
You hit the deep troll. You slash the deep troll!
You kill the deep troll!
Trog accepts your kill.
You slash the ettin!
You kill the ettin!
Trog accepts your kill.
Your Shields skill increases to level 10!
You miss the tengu reaver.
The tengu reaver is moderately wounded.
You slice the deep troll!!
You kill the deep troll!
Trog accepts your kill.
The tengu reaver gestures at you while chanting.
The bolt of cold misses you.
Unknown command.
You hit the tengu reaver.
The tengu reaver is moderately wounded.
The ironbound frostheart calls freezing cold from the walls.
The frost grips you! You resist.
You die...

#..####..# ##
#......##..#
##....##...# #
##''##...# #.
#.)#...# #..
+..'..#
#..##+#p.#'##
#..').)##...'..
#..')@.# ...'p.
#..##Q#p.#+##..
+.. ..+..+ . #.
...#..# #
...##+'# ...# .
#..# .. ###


You could see an ironbound preserver, a tengu reaver and an ironbound
frostheart.

Vanquished Creatures
  Rupert (D:13)
  A fenstrider witch (shapeshifter) (D:14)
  A vault warden (Vaults:1)
  3 ironbound preservers (Vaults:1)
  A very ugly thing (Vaults:1)
  2 ironbound thunderhulks (Vaults:1)
  7 dire elephants (Vaults:1)
  2 ettins
  A great orb of eyes (Vaults:1)
  A yaktaur captain (Vaults:1)
  Erolcha (D:13)
  2 hydras
  A vault guard (Vaults:1)
  A catoblepas (D:13)
  2 ironbound frosthearts (Vaults:1)
  A peacekeeper (Vaults:1)
  4 ogre magi
  A two-headed ogre (shapeshifter) (D:15)
  A tengu warrior (D:15)
  3 boulder beetles
  20 two-headed ogres
  A death knight (D:13)
  7 centaur warriors
  Lodul (D:13)
  A skeletal warrior (D:9)
  8 deep trolls
  A swamp dragon (shapeshifter) (D:14)
  Pikel (D:4)
  A wizard (D:15)
  4 ironbound convokers (Vaults:1)
  6 deep elf pyromancers
  2 orc knights
  2 necromancers (D:15)
  13 ugly things
  3 manticores
  An orc sorcerer (D:15)
  7 cyclopes
  A moth of wrath (shapeshifter) (D:14)
  A vault sentinel (Vaults:1)
  2 gargoyles
  Maggie (D:7)
  4 yaktaurs (Vaults:1)
  An unseen horror (D:13)
  2 efreet
  A freezing wraith (D:13)
  2 kobold demonologists
  3 komodo dragons (D:9)
  2 trolls (D:12)
  Prince Ribbit (D:7)
  3 meliai (D:15)
  8 slime creatures
  A shadow (D:10)
  9 wraiths
  A wyvern (D:9)
  23 yaks
  Eustachio (D:6)
  2 basilisks
  8 vampire mosquitoes
  3 steam dragons
  Duvessa (D:7)
  3 acid dragons
  A water moccasin (D:6)
  5 orc warriors
  An ice beast (D:7)
  15 ogres
  12 centaurs
  2 kobold brigands
  A phantom (D:6)
  A bullfrog (D:6)
  4 gnoll sergeants
  4 scorpions
  Dowan (D:7)
  3 wights (Ossuary)
  3 killer bees (D:10)
  4 howler monkeys
  3 electric eels
  5 jellies
  5 hounds
  2 gnoll boudas
  4 orc priests
  3 sleepcaps
  7 iguanas
  16 orc wizards
  31 gnolls
  6 adders
  A shadow imp (D:6)
  2 white imps
  4 ufetubi
  2 adder zombies (Ossuary)
  3 worms
  A dart slug (D:4)
  57 orcs
  8 ball pythons
  6 endoplasms
  3 giant cockroaches
  6 hobgoblins
  5 jackals
  3 quokkas
  5 bats
  3 frilled lizards
  6 goblins
  8 kobolds
  2 orc skeletons (Ossuary)
  2 orc zombies (Ossuary)
  6 rats
472 creatures vanquished.

Vanquished Creatures (others)
  A fungus (D:1)
  12 plants
  4 toadstools (D:6)
17 creatures vanquished.

Grand Total: 489 creatures vanquished

Notes
Turn   | Place    | Note
-------+----------+-------------------------------------------
     0 | D:1      | Nobody9876 the Human Fighter began the quest for the Orb.
     0 | D:1      | Reached XP level 1. HP: 18/18 MP: 1/1
   106 | D:1      | Reached XP level 2. HP: 14/24 MP: 2/2
   320 | D:1      | Reached XP level 3. HP: 29/29 MP: 3/3
   706 | D:1      | Found a faded altar of an unknown god.
  1464 | D:3      | Reached XP level 4. HP: 35/35 MP: 4/4
  1640 | D:3      | Reached XP level 5. HP: 41/41 MP: 5/5
  1975 | D:3      | Found an opulent altar of Gozag.
  2333 | D:3      | Identified 3 scrolls of acquirement
  2333 | D:3      | Acquired the ring "Gudual" {rElec rPois rC+ SInv}
  2345 | D:3      | Acquired the amulet "Piruuh" {Regen+ Str+3 Int+6 Slay+2}
  2357 | D:3      | Acquired the ring of Ateyplioti {rPois Will+ Dex+3}
  2582 | D:4      | Identified the +0 ring mail of Qicle {Str+4 Dex+4}
  2594 | D:4      | Reached XP level 6. HP: 47/47 MP: 6/6
  2642 | D:4      | Noticed Pikel
  2657 | D:4      | Killed Pikel
  2658 | D:4      | Reached skill level 4 in Fighting
  2658 | D:4      | Reached XP level 7. HP: 54/55 MP: 7/7
  2658 | D:4      | Reached XP level 8. HP: 59/61 MP: 8/8
  2742 | D:4      | Found a sand-covered staircase.
  2750 | Ossuary  | Entered an ossuary
  2837 | Ossuary  | Noticed a flying skull
  2837 | Ossuary  | Noticed a wraith
  2850 | Ossuary  | Noticed a flying skull
  2870 | Ossuary  | Noticed a flying skull
  2878 | Ossuary  | Noticed a wraith
  2884 | Ossuary  | Killed a wraith
  2885 | Ossuary  | Reached skill level 1 in Dodging
  2896 | Ossuary  | Noticed a flying skull
  2930 | Ossuary  | Noticed a flying skull
  2934 | Ossuary  | Noticed a wraith
  2943 | Ossuary  | Killed a wraith
  3376 | D:5      | Entered Level 5 of the Dungeon
  3460 | D:5      | Reached XP level 9. HP: 47/67 MP: 9/9
  3549 | D:5      | Found a shimmering blue altar of Sif Muna.
  3714 | D:5      | Reached skill level 5 in Shields
  3725 | D:5      | Reached skill level 5 in Fighting
  3985 | D:6      | Found a bloodstained altar of Trog.
  3985 | D:6      | Found a stormy altar of Qazlal.
  3989 | D:6      | Became a worshipper of Trog the Wrathful
  4049 | D:6      | Reached skill level 5 in Armour
  4168 | D:6      | Noticed Eustachio
  4246 | D:6      | Killed Eustachio
  4340 | D:6      | Reached * piety under Trog
  5075 | D:6      | Found a shimmering altar of Xom.
  5192 | D:7      | Noticed Prince Ribbit
  5195 | D:7      | Noticed Duvessa
  5204 | D:7      | Killed Prince Ribbit
  5207 | D:7      | Noticed Dowan
  5210 | D:7      | Reached XP level 10. HP: 47/76 MP: 10/10
  5225 | D:7      | Killed Duvessa
  5237 | D:7      | Killed Dowan
  5407 | D:7      | Noticed Maggie
  5423 | D:7      | HP: 3/76 [Maggie/bolt of fire (17)]
  5424 | D:7      | Killed Maggie
  5425 | D:7      | Reached skill level 6 in Fighting
  5425 | D:7      | Reached skill level 10 in Axes
  5862 | D:7      | Reached ** piety under Trog
  5930 | D:7      | Found a staircase to the Ecumenical Temple.
  6104 | Temple   | Entered the Ecumenical Temple
  6272 | Temple   | Acquired the +8 mithril axe "Arga" {speed, Will+}
  6272 | Temple   | Found the +8 mithril axe "Arga" {speed, Will+}
  6275 | Temple   | Acquired a manual of Fighting
  6279 | Temple   | Acquired a manual of Dodging
  6592 | D:8      | Found a hazy altar of Hepliaklqana.
  6593 | D:8      | Found a shadowy altar of Dithmenos.
  6640 | D:8      | Reached skill level 1 in Stealth
  6844 | D:9      | Found Ytsijys's Antique Weapon Shop.
  6865 | D:9      | Noticed a centaur warrior
  6891 | D:9      | Killed a centaur warrior
  6892 | D:9      | Reached XP level 11. HP: 34/83 MP: 11/11
  6893 | D:9      | Reached skill level 5 in Dodging
  6893 | D:9      | Noticed a centaur warrior
  6916 | D:8      | Killed a centaur warrior
  6917 | D:8      | Reached skill level 7 in Fighting
  7124 | D:9      | Found a large runed translucent door.
  7124 | D:9      | Found a large runed translucent door.
  7130 | D:9      | Noticed a skeletal warrior
  7136 | D:9      | Noticed a centaur warrior
  7141 | D:9      | Noticed a two-headed ogre
  7142 | D:9      | Noticed a centaur warrior
  7143 | D:9      | Noticed a deep elf pyromancer
  7159 | D:8      | Killed a two-headed ogre
  7261 | D:9      | Found a burning altar of Makhleb.
  7420 | D:9      | Reached *** piety under Trog
  7429 | D:9      | Found a staircase to the Lair.
  7528 | D:9      | Identified the +6 long sword "Cenefink" {antimagic, Str+4
                  | Dex+2 Stlth+}
  7542 | D:9      | Reached skill level 8 in Fighting
  7542 | D:9      | Identified the +4 trident "Puethrel" {flame, rElec rC+
                  | rCorr}
  7542 | D:9      | Noticed a cyclops
  7598 | D:8      | Killed a deep elf pyromancer
  7665 | D:9      | Killed a cyclops
  7736 | D:9      | Killed a centaur warrior
  7737 | D:9      | Reached XP level 12. HP: 86/94 MP: 12/12
  7764 | D:9      | Killed a skeletal warrior
  7931 | D:10     | Entered Level 10 of the Dungeon
  7933 | D:10     | Found Lehufarchar's Armour Boutique.
  7942 | D:10     | Reached skill level 9 in Fighting
  7957 | D:10     | Reached **** piety under Trog
  8178 | D:10     | Found a staircase to the Orcish Mines.
  8381 | D:10     | Found a hide-covered altar of Uskayaw.
  9346 | D:12     | Identified the staff of earth "Bont" {MP+9}
  9472 | D:12     | Reached skill level 10 in Fighting
  9502 | D:12     | Identified the +0 robe "Bupnoew" {-Tele Regen+ Str+2}
  9541 | D:12     | Reached ***** piety under Trog
  9632 | D:12     | Noticed a boulder beetle
  9649 | D:12     | Killed a boulder beetle
  9974 | D:12     | Noticed a two-headed ogre
  9979 | D:12     | Killed a two-headed ogre
  9980 | D:12     | Reached XP level 13. HP: 98/104 MP: 13/13
 10139 | D:13     | Noticed Rupert
 10149 | D:13     | Killed Rupert
 10150 | D:13     | Reached skill level 11 in Fighting
 10150 | D:13     | Reached skill level 15 in Axes
 10238 | D:13     | Noticed a catoblepas
 10246 | D:13     | Killed a catoblepas
 10614 | D:13     | Noticed Erolcha
 10621 | D:13     | Killed Erolcha
 10699 | D:13     | Found Cieralow's Antique Armour Shoppe.
 10878 | D:13     | Reached skill level 12 in Fighting
 10989 | D:13     | Noticed Lodul
 10997 | D:13     | Killed Lodul
 11143 | D:14     | Found a stormy altar of Qazlal.
 11227 | D:14     | Reached skill level 13 in Fighting
 11229 | D:14     | Noticed an ogre mage
 11237 | D:14     | Noticed an eight-headed hydra
 11245 | D:14     | Killed an ogre mage
 11246 | D:14     | Reached XP level 14. HP: 93/118 MP: 14/14
 11265 | D:14     | Identified the +3 ring mail of the Furrier {Int+5 Dex+4}
 11393 | D:14     | Reached skill level 14 in Fighting
 11428 | D:14     | Found a gate to the Vaults.
 11530 | D:14     | Noticed a stone giant
 11535 | D:14     | a stone giant changed into a quicksilver dragon
 11535 | D:14     | Noticed a quicksilver dragon (glowing shapeshifter)
 11537 | D:14     | a quicksilver dragon changed into a fenstrider witch
 11537 | D:14     | Noticed a fenstrider witch (glowing shapeshifter)
 11550 | D:14     | Killed a fenstrider witch
 11675 | D:14     | Gained mutation: You occasionally shout uncontrollably at
                  | your foes. [a shining eye]
 11872 | D:15     | Entered Level 15 of the Dungeon
 11964 | D:14     | Reached skill level 15 in Fighting
 12016 | D:15     | Received a gift from Trog
 12178 | D:15     | Reached skill level 10 in Armour
 12308 | D:15     | Reached XP level 15. HP: 75/130 MP: 15/15
 12319 | D:15     | Reached skill level 16 in Fighting
 12610 | D:15     | Found a staircase to the Depths.
 13381 | Vaults:1 | Entered Level 1 of the Vaults
 13455 | Vaults:1 | Noticed an ironbound preserver
 13466 | Vaults:1 | Killed an ironbound preserver
 13553 | Vaults:1 | Received a gift from Trog
 13554 | Vaults:1 | Reached skill level 17 in Fighting
 13589 | Vaults:1 | Noticed a brown very ugly thing
 13596 | Vaults:1 | Noticed a vault warden
 13596 | Vaults:1 | Noticed an ironbound preserver
 13601 | Vaults:1 | Killed a brown very ugly thing
 13606 | Vaults:1 | Killed a vault warden
 13610 | Vaults:1 | Killed an ironbound preserver
 13804 | Vaults:1 | Reached XP level 16. HP: 137/143 MP: 16/16
 13936 | Vaults:1 | Noticed a tengu reaver
 13946 | Vaults:1 | Reached skill level 18 in Fighting
 13947 | Vaults:1 | HP: 4/214 [ettin/+5 dire flail (17)]
 13949 | Vaults:1 | Reached skill level 10 in Shields
 13950 | Vaults:1 | Killed from afar by an ironbound frostheart

Illustrated notes

Levels and vault maps discovered:
D:1:      dpeg_arrival_rooms_a, layout_basic, shapermc_ecumenical_altar_petra
D:2:      layout_loops_ring
D:3:      layout_basic, lemuel_round_altar, serial_forest,
          infiniplex_forest_straight_4, infiniplex_forest_clump_medium,
          infiniplex_forest_lined_4_way, infiniplex_forest_clump_long,
          infiniplex_forest_straight_2, infiniplex_forest_lined_3,
          minmay_increasing_density
D:4:      layout_basic, enter_ossuary_1, uniq_pikel
D:5:      nicolae_cairo_tiling_large_dashed, layout_rooms, kennysheep_mini_moat
D:6:      layout_basic, tgw_xom, mainiacjoe_overflow_divided_tiny,
          minmay_gold_behind_fungi, corexii_checkpoint_b, st_stairs_10,
          uniq_eustachio
D:7:      layout_basic, lemuel_temple_firewalk_a, uniq_prince_ribbit1,
          uniq_duvessa, uniq_maggie
D:8:      layout_basic, riverfiend_overflow_shadow_ancestor
D:9:      minmay_cut_squares, layout_rooms, mainiacjoe_overflow_six_doors_small,
          erik_lair_dragon, serial_shops, shop_statue,
          ebering_ghost_disaster_area
D:10:     layout_cave_pools, mainiacjoe_overflow_alcove_4, hiddenorc1_lemuel,
          serial_shops, nicolae_shop_pleasant_corner_grove,
          grunt_decor_one_mirror, grunt_ministairs_9, kennysheep_cross_room
D:11:     layout_gridville
D:12:     layout_roguey, hangedman_decor_opposing, serial_bayou_pond_b
D:13:     layout_roguey, serial_shops, shop, uniq_erolcha, uniq_rupert,
          uniq_lodul
D:14:     layout_rooms, david_vaults_2, nicolae_qazlal_general_emergency,
          minmay_fractal_squares_gapless_5
D:15:     hangedman_depths_entry_civil_slaughter, layout_loops_ring,
          minmay_tree_intersection
Temple:   hellmonk_temple_forest_ring
Vaults:1: nicolae_vaults_halls_meeting, v_pattern_5, vaults_room_pools,
          vaults_room_boxed, nicolae_vaults_taking_the_gang_shopping,
          nicolae_vaults_house_2, ontoclasm_vaults_idyll, nicolae_vaults_theta,
          layout_vaults_omnicross

Skill      XL: |  1  2  3  4  5  6  7  8  9 10 11 12 13 14 15 16 |
---------------+-------------------------------------------------+-----
Axes           | 3 4 6 7 9 11 13 14 16 | 16.0
Shields        | 4 5 7 8 9 10 | 10.0
Fighting       | 4 5 6 8 10 13 15 17 18 | 18.0
Armour         | 4 5 6 7 8 10 11 | 11.9
Dodging        | 1 3 4 6 7 8 9 |  9.3
Stealth        | 1 2 3 4 |  4.4

Action                     |  1- 3 |  4- 6 |  7- 9 | 10-12 | 13-15 | 16-18 || total
---------------------------+-------+-------+-------+-------+-------+-------++-------
  Melee: War axe           |    79 |   107 |   264 |   120 |       |       ||   570
         Broad axe         |       |       |       |   346 |   581 |    43 ||   970
 Invoke: Berserk           |       |       |       |     3 |     6 |     1 ||    10
    Use: Scroll            |       |     7 |     8 |    10 |     7 |       ||    32
         Potion            |       |       |       |     3 |       |       ||     3
   Stab: Sleeping          |       |       |       |     1 |       |       ||     1
 Armour: Scale mail        |    22 |       |       |       |       |       ||    22
         Chain mail        |     7 |    50 |       |       |   139 |       ||   196
         Ring mail         |       |     2 |    98 |   130 |       |       ||   230
         Plate armour      |       |       |       |       |    62 |    12 ||    74
  Dodge: Dodged            |    16 |    31 |   143 |   237 |   185 |    17 ||   629
         Repelled          |       |       |       |       |     4 |     1 ||     5
  Block: Buckler           |    30 |    45 |   103 |   130 |   109 |     9 ||   426
